 Dungeon Crawl Stone Soup version 0.27.0-1-g7a089689b8 (webtiles) character file.

Game seed: 4656920395568712720

1933354 ABBCCCDDDD the Gargoyle Cataclysm (level 27, 193/193 HPs)
             Began as a Gargoyle Fighter on Aug 15, 2021.
             Was a High Priest of Qazlal.
             Escaped with the Orb
             ... and 3 runes!
             The game lasted 01:45:18 (54992 turns).

ABBCCCDDDD the Gargoyle Cataclysm (GrFi)           Turns: 54992, Time: 01:45:19

Health: 193/193    AC: 67    Str: 28    XL:     27
Magic:  39/39      EV: 11    Int:  8    God:    Qazlal [*****.]
Gold:   4695       SH: 23    Dex:  9    Spells: 26/26 levels left

rFire    + + .     SeeInvis +   a - +6 eveningstar (freeze)
rCold    + + +     Faith    .   c - +3 kite shield of Shadows and Fog {+Blink rF+ rC+ Dex+2}
rNeg     + . .     Spirit   .   V - +3 gold dragon scales
rPois    ∞         Reflect  .   I - +0 helmet
rElec    +         Harm     .   f - +2 cloak {Will+}
rCorr    .         Rampage  .   W - +2 pair of gloves
Will     +++..                  n - +2 pair of boots
Stlth    ..........             S - amulet of regeneration
HPRegen  1.42/turn              s - ring of see invisible
MPRegen  0.26/turn              M - +4 ring of protection

@: flying, repel missiles
A: sickness immunity, AC +20, big wings, negative energy resistance 1,
electricity resistance, torment resistance 1, petrification resistance, claws 1,
clumsy 1, cold resistance 1, deterioration 1, dopey 1, sense surroundings 1,
weak 2
0: Orb of Zot
}: 3/15 runes: decaying, silver, gossamer
a: Renounce Religion, Evoke Blink, Upheaval, Elemental Force, Disaster Area


You escaped.
You worshipped Qazlal.
Qazlal was extremely pleased with you.
You visited 10 branches of the dungeon, and saw 48 of its levels.
You visited the Abyss 1 time.
You also visited: Ice Cave and Wizlab.

You collected 7014 gold pieces.
You spent 2319 gold pieces at shops.

Inventory:

Hand Weapons
 a - a +6 eveningstar of freezing (weapon)
 b - the +10 morningstar "Eos" {elec, Halo rElec}
   (You took it off a deep elf death mage on level 4 of the Depths)

   It occasionally discharges a powerful burst of electricity upon striking a
   foe.
   It grants its wielder a halo, increasing accuracy against those within it.
   rElec:     It insulates you from electricity.
Armour
 c - the +3 kite shield of Shadows and Fog (worn) {+Blink rF+ rC+ Dex+2}
   (You bought it in a shop on level 3 of the Vaults)

   Dex:       It affects your dexterity (+2).
   rF:        It protects you from fire.
   rC:        It protects you from cold.
   +Blink:    It lets you blink.
 f - a +2 cloak of willpower (worn)
 n - a +2 pair of boots (worn)
 I - a +0 helmet (worn)
 V - +3 gold dragon scales (worn)
 W - a +2 pair of gloves (worn)
Jewellery
 e - a ring of willpower
 g - a ring of protection from fire
 j - the ring of Lysmad {rC+ AC+4 Str+2 Dex+4}
   (You found it on level 4 of the Realm of Zot)

   [ring of protection]

   AC:        It affects your AC (+4).
   Str:       It affects your strength (+2).
   Dex:       It affects your dexterity (+4).
   rC:        It protects you from cold.
 m - the ring "Weruot" {Wiz rCorr Int+2}
   (You found it on level 1 of the Realm of Zot)

   [ring of wizardry]

   It improves your spell success rate.
   Int:       It affects your intelligence (+2).
   rCorr:     It protects you from acid and corrosion.
 s - a ring of see invisible (left hand)
 w - a +4 ring of slaying
 z - an amulet of the acrobat
 M - a +4 ring of protection (right hand)
 O - the amulet "Fevasefa" {Reflect rF- Str+4 SH+5}
   (You found it on level 4 of the Depths)

   [amulet of reflection]

   It reflects blocked missile attacks.
   Str:       It affects your strength (+4).
   rF:        It makes you vulnerable to fire.
   SH:        It affects your SH (+5).
 Q - the ring "Sebuf" {rPois rF+++ Will- Str-4 SInv}
   (You took it off a centaur warrior on level 10 of the Dungeon)

   [ring of poison resistance]

   Str:       It affects your strength (-4).
   rF:        It renders you almost immune to fire.
   rPois:     It protects you from poison.
   SInv:      It lets you see invisible.
   Will:      It decreases your willpower.
 S - an amulet of regeneration (around neck)
Wands
 h - a wand of acid (21)
 v - a wand of paralysis (7)
 y - a wand of digging (21)
 A - a wand of flame (179)
 C - a wand of charming (13)
 D - a wand of iceblast (112)
 H - a wand of mindburst (43)
Scrolls
 d - 10 scrolls of teleportation
 l - 5 scrolls of fear
 q - 4 scrolls of blinking
 t - 24 scrolls of identify
 u - 9 scrolls of fog
 K - 5 scrolls of holy word
 P - 3 scrolls of silence
 R - 2 scrolls of summoning
 X - 5 scrolls of magic mapping
Potions
 i - 5 potions of magic
 k - 22 potions of curing
 o - 5 potions of attraction
 p - 2 potions of haste
 r - 9 potions of ambrosia
 x - a potion of mutation
 B - 6 potions of cancellation
 E - a potion of berserk rage
 F - 5 potions of invisibility
 G - 8 potions of lignification
 L - 5 potions of heal wounds
 Y - a potion of might
 Z - 10 potions of brilliance
Miscellaneous
 J - a phantom mirror (inert)
 N - a box of beasts (inert)
 T - a phial of floods
 U - a condenser vane


   Skills:
 - Level 25.2 Fighting
 - Level 16.0 Maces & Flails
 + Level 23.9 Armour
 + Level 16.2 Dodging
 - Level 15.0 Shields
 * Level 25.6 Invocations
 + Level 11.1 Evocations


You had 26 spell levels left.
You didn't know any spells.
Your spell library contained the following spells:

 Spells                   Type           Power      Damage    Failure   Level
 Animate Skeleton         Necr           0%         N/A       98%         1
 Apportation              Tloc           0%         N/A       98%         1
 Beastly Appendage        Tmut           0%         N/A       98%         1
 Corona                   Hex            0%         N/A       98%         1
 Foxfire                  Conj/Fire      0%         2x1d4     98%         1
 Magic Dart               Conj           0%         1d3       98%         1
 Pain                     Necr           0%         1d4       98%         1
 Sandblast                Erth           0%         2d4       98%         1
 Shock                    Conj/Air       0%         1d3       98%         1
 Sting                    Tmut/Pois      0%         1d3       98%         1
 Summon Small Mammal      Summ           0%         N/A       98%         1
 Blink                    Tloc           N/A        N/A       99%         2
 Call Imp                 Summ           0%         N/A       99%         2
 Corpse Rot               Necr/Air       N/A        N/A       99%         2
 Ensorcelled Hibernation  Hex/Ice        0%         N/A       99%         2
 Passwall                 Tmut/Erth      0%         N/A       99%         2
 Searing Ray              Conj           0%         3d3       99%         2
 Slow                     Hex            0%         N/A       99%         2
 Static Discharge         Conj/Air       0%         N/A       99%         2
 Wereblood                Tmut           0%         N/A       99%         2
 Call Canine Familiar     Summ           0%         N/A       100%        3
 Confusing Touch          Hex            0%         N/A       100%        3
 Conjure Flame            Conj/Fire      0%         6-21      100%        3
 Dazzling Flash           Conj/Hex       0%         N/A       100%        3
 Gell's Gravitas          Tloc           0%         N/A       100%        3
 Ignite Poison            Fire/Tmut/Pois 0%         N/A       100%        3
 Inner Flame              Hex/Fire       0%         N/A       100%        3
 Lesser Beckoning         Tloc           0%         N/A       100%        3
 Mephitic Cloud           Conj/Pois/Air  0%         N/A       100%        3
 Ozocubu's Armour         Ice            0%         N/A       100%        3
 Portal Projectile        Hex/Tloc       0%         N/A       100%        3
 Spider Form              Tmut/Pois      0%         N/A       100%        3
 Stone Arrow              Conj/Erth      0%         3d7       100%        3
 Summon Guardian Golem    Hex/Summ       0%         N/A       100%        3
 Swiftness                Air            0%         N/A       100%        3
 Teleport Other           Tloc           0%         N/A       100%        3
 Tukima's Dance           Hex            0%         N/A       100%        3
 Vampiric Draining        Necr           0%         2d6       100%        3
 Airstrike                Air            0%         N/A       100%        4
 Animate Armour           Summ/Erth      0%         N/A       100%        4
 Animate Dead             Necr           0%         N/A       100%        4
 Dispel Undead            Necr           0%         3d6       100%        4
 Fulminant Prism          Conj/Hex       0%         3d6       100%        4
 Iskenderun's Mystic Bla  Conj/Tloc      0%         2d3       100%        4
 Leda's Liquefaction      Hex/Erth       0%         N/A       100%        4
 Olgreb's Toxic Radiance  Pois           0%         N/A       100%        4
 Sticky Flame             Conj/Fire      0%         2d3       100%        4
 Summon Lightning Spire   Summ/Air       0%         N/A       100%        4
 Agony                    Necr           0%         N/A       100%        5
 Blade Hands              Tmut           0%         N/A       100%        5
 Bolt of Magma            Conj/Fire/Erth 0%         4d4       100%        5
 Borgnjor's Vile Clutch   Necr/Erth      0%         N/A       100%        5
 Excruciating Wounds      Necr           0%         N/A       100%        5
 Fireball                 Conj/Fire      0%         3d3       100%        5
 Freezing Cloud           Conj/Ice/Air   0%         6-21      100%        5
 Irradiate                Conj/Tmut      0%         3d13      100%        5
 Iskenderun's Battlesphe  Conj           0%         2d6       100%        5
 Lee's Rapid Deconstruct  Erth           0%         3d5*      100%        5
 Manifold Assault         Tloc           0%         N/A       100%        5
 Metabolic Englaciation   Hex/Ice        0%         N/A       100%        5
 Summon Mana Viper        Hex/Summ       0%         N/A       100%        5
 Yara's Violent Unravell  Hex/Tmut       0%         3d3       100%        5
 Conjure Ball Lightning   Conj/Air       0%         3x3d6     100%        6
 Death Channel            Necr           0%         N/A       100%        6
 Dispersal                Tloc           0%         N/A       100%        6
 Iron Shot                Conj/Erth      0%         9d1       100%        6
 Shadow Creatures         Summ           N/A        N/A       100%        6
 Simulacrum               Ice/Necr       0%         N/A       100%        6
 Starburst                Conj/Fire      0%         8x6d3     100%        6
 Dragon Form              Tmut           0%         N/A       100%        7
 Haunt                    Necr/Summ      0%         N/A       100%        7
 Malign Gateway           Summ/Tloc      0%         N/A       100%        7
 Orb of Destruction       Conj           0%         N/A       100%        7
 Spellforged Servitor     Conj/Summ      0%         N/A       100%        7
 Storm Form               Tmut/Air       0%         N/A       100%        7
 Discord                  Hex            0%         N/A       100%        8
 Disjunction              Tloc           0%         N/A       100%        8
 Ignition                 Fire           0%         3d3       100%        8
 Infestation              Necr           0%         N/A       100%        8
 Lehudib's Crystal Spear  Conj/Erth      0%         10d2      100%        8
 Maxwell's Capacitive Co  Air            0%         ∞         100%        8
 Necromutation            Tmut/Necr      0%         N/A       100%        8
 Summon Horrible Things   Summ           0%         N/A       100%        8
 Statue Form              Tmut/Erth      Unusable   N/A       N/A         6

Dungeon Overview and Level Annotations

Branches:
Dungeon (15/15)            Temple (1/1) D:5            Lair (6/6) D:9
  Swamp (4/4) Lair:2       Spider (4/4) Lair:3        Slime (0/5) Lair:6
    Orc (2/2) D:10            Elf (0/3) Orc:2        Vaults (5/5) D:14
  Crypt (0/3) Vaults:3     Depths (5/5) D:15           Hell (visited)
    Zot (5/5) Depths:5      IceCv (visited)          WizLab (visited)
    Dis: Hell:1         Geh: Hell:1         Coc: Hell:1         Tar: Hell:1

Altars:
Ashenzari
Cheibriados
Dithmenos
Elyvilon
Fedhas
Gozag
Hepliaklqana
Kikubaaqudgha
Makhleb
Nemelex Xobeh
Okawaru
Qazlal
Ru
Sif Muna
Trog
Uskayaw
Vehumet
Wu Jian
Xom
Yredelemnul
Zin
The Shining One
Beogh

Shops:
D:4 [=   D:9 *   Orc:2 =?(:   Vaults:3 [   Depths:2 *(   Depths:3 ::=

Portals:
Hell: Depths:1 Depths:2 Depths:3 Depths:4 Depths:5
Abyss: Spider:2 Depths:4 Depths:5
Pandemonium: Depths:3 Depths:5
Ziggurat: Depths:4

Annotations:
Swamp:2 2 transporters, Piask's ghost, adept FoAK
Spider:1 exclusion: oklob plant
Spider:2 2 transporters, totalnoob's ghost, journeyman OpFE
Depths:4 exclusions: floating eye, great orb of eyes, shining eye and 1 more exclusion
Hell Geryon


Innate Abilities, Weirdness & Mutations

You are immune to sickness and miasma.
Your stone body is resilient. (AC +20)
You are immune to poison.
Your large and strong wings let you fly.
You resist negative energy. (rN+)
You are resistant to electric shocks. (rElec)
You are resistant to unholy torment.
You are immune to petrification.
You have sharp fingernails.
You are clumsy. (Dex -2)
Your flesh is cold resistant. (rC+)
Your body sometimes deteriorates upon taking damage.
You are dopey. (Int -2)
You passively map a small area around you.
You are very weak. (Str -4)


Message History

There is a stone staircase leading up here.
You hit the Executioner.
The Executioner is lightly wounded.
You block the Executioner's attack.
The Executioner hits you but does no damage. x2
The Executioner hits you! You block the Executioner's attack.
The Executioner hits you but does no damage.
You skewer the Executioner like a kebab!!!
You freeze the Executioner.
The Executioner is almost dead.
You block the Executioner's attack.
The Executioner hits you but does no damage.
You block the Executioner's attack.
The Executioner hits you but does no damage. x2
The Executioner barely misses you.
You block the Executioner's attack. x2; The Executioner closely misses you.
The Executioner hits you but does no damage.
The Executioner barely misses you.
The Executioner hits you but does no damage.
You block the Executioner's attack.
The Executioner hits you but does no damage.
The Executioner hits you.
You feel protected from physical attacks.
You fly upwards.
There is a stone staircase leading down here.
You bludgeon the Executioner!! You freeze the Executioner.
You kill the Executioner!
Qazlal accepts your kill.
No target in view!
No target in view!
Your protection from physical attacks is fading.
HP restored.
You feel less protected from physical attacks.
There is an escape hatch in the ceiling here.
A mysterious force pulls you upwards. The hatch slams shut behind you.
There is an open door here.
There is a fountain of clear blue water here.
There is an open door here.
There is a staircase leading out of the dungeon here.
You have escaped!

#...################...#
#...#.....# #.....
#...#.8.8.## #..###
#...#..8...## ##..#..
#...#.8.8...## #...#..
#...#........## #...#..
#...#.###.⌠.⌠.# #...#(#
#...#.+.#.....####......
#...#.#@#..8..'.##...###
#####.'.#.....#.........
#.###.⌠.⌠.####...###
#........## #...# #
#.8.8...## #...# #
#..8...## ##### #
#.8.8.## # #.....# ##
###################.


There were no monsters in sight!

Levels and vault maps discovered:
D:1:      ncdulo_halloftheorcs, layout_basic
D:2:      layout_basic
D:3:      layout_basic, kennysheep_ying_yang,
          chequers_temple_overflow_statue_of_worship, uniq_grinder, uniq_ijyb
D:4:      layout_basic, mainiacjoe_overflow_alcove_1, chequers_decorated_corner,
          corexii_checkpoint_a, nicolae_wooded_promenade, grunt_ministairs_13,
          uniq_duvessa, uniq_edmund, uniq_purgy
D:5:      layout_rooms, temple_hall, grunt_decor_cap, kennysheep_generic_room_12
D:6:      layout_loops_cross, lightli_temple_of_fire
D:7:      layout_rooms, st_stairs_14, minivault_4
D:8:      minmay_ornate_pinched, layout_basic, kennysheep_generic_room_10
D:9:      layout_rooms, grunt_lair_entry_orc_guard_hut, serial_shops, shop,
          uniq_erica
D:10:     minmay_the_grid_octo_triangle [minmay_the_grid_octo_focus,
          minmay_the_grid_octo_prize_big_c, minmay_the_grid_octo_chip],
          layout_basic, serial_curves, eino_curves_04, eino_curves_01,
          uniq_maurice
D:11:     minmay_imperfect_grid, layout_cave_pods, okawaru_humans
D:12:     layout_loops_corners
D:13:     layout_roguey, disabler_island
D:14:     layout_irregular_city, lightli_vaults_fourway_checkpoint,
          skrybe_limestone_x, nrook_campfire, uniq_nessos, uniq_josephine,
          uniq_frances, uniq_azrael
D:15:     gammafunk_depths_entry_grave, layout_loops_ring
Temple:   regret_index_temple_sphere_string
Lair:1:   layout_loops_ring, serial_bayou_shore_a
Lair:2:   layout_regular_city, minmay_swamp_entry_swarm
Lair:3:   layout_long_grid, nicolae_spider_entry_orb_guardian, serial_bayou,
          serial_bayou_pond_c, serial_bayou_pond_a, serial_bayou_pond_e,
          serial_bayou_lake_a, infiniplex_staircase_pool_2
Lair:4:   layout_regular_city, portal_ice_cave_demonic_guard,
          patterned_corridor, grunt_megastairs_4, serial_bayou_shore_b
Lair:5:   layout_small_grid, serial_bayou_shore_b
Lair:6:   guppyfry_lair_end_dragon, layout_long_grid,
          minmay_slime_entry_pillars, grunt_megastairs_3
Swamp:1:  layout_basic_swamp, nicolae_swamp_triple_paths,
          infiniplex_staircase_pool, uniq_jorgrun, uniq_roxanne
Swamp:2:  layout_basic_swamp, gammafunk_ghost_berserking_beasts,
          nicolae_swamp_treefoil, swamp_pool4, nicolae_swamp_bean_lake,
          uniq_kirke
Swamp:3:  layout_falls_marsh, nicolae_swamp_some_circles
Swamp:4:  swamp_vile, layout_basic_swamp
Spider:1: layout_spider_delve, nicolae_spider_acid_house
Spider:2: layout_spider_delve, gammafunk_ghost_abyssal_escape,
          nicolae_looking_at_the_future
Spider:3: layout_spider_delve, uniq_nikola
Spider:4: grunt_spider_rune_circles, nicolae_spider_not_touching_you
Orc:1:    layout_diamond_mine
Orc:2:    kennysheep_orc_mage_school, layout_diamond_mine, mines1_david,
          uniq_donald
Vaults:1: sword_in_stone, vaults_room_semicircle, v_misc_8, v_rooms_6,
          hangedman_vaults_slice, vaults_dpeg_spiral, grunt_vaults_hallway_long,
          vaults_mumra_hex, ontoclasm_vaults_ring_small,
          nicolae_vaults_little_squares_5, vaults_dpeg_ring,
          hangedman_vaults_impose, layout_vaults_maze_snakey
Vaults:2: hangedman_vaults_impose, v_rooms_3, nicolae_vaults_little_squares_1,
          vaults_dpeg_cross, vaults_room_semicircle, v_misc_19,
          ontoclasm_vaults_shuriken, serial_ice_m,
          nicolae_vaults_little_squares_3, vaults_room_pools,
          layout_vaults_omnigrid, serial_shops, nicolae_shop_statue_plus
Vaults:3: hangedman_vaults_locks, vaults_room_hallway,
          minmay_crypt_entry_simple_plaza, v_pattern_5, vaults_room_semicircle,
          nicolae_vaults_angled_halls, vaults_dpeg_diagonal,
          nicolae_vaults_network_barrier, nicolae_vaults_little_squares_2,
          v_misc_14, nicolae_vaults_border_crossing, v_misc_5,
          hangedman_vaults_trim, layout_vaults_ring, mu_enter_wizlab_4,
          serial_shops, nicolae_shop_behind_doors
Vaults:4: ontoclasm_vaults_ring_small, vaults_mumra_chevron_long, v_misc_14,
          ontoclasm_vaults_pinch, dpeg_vaults_monster_box,
          nicolae_vaults_gold_heap, nicolae_vaults_big_angled_halls,
          hangedman_vaults_restitches, v_alt_pattern_6,
          nicolae_vaults_ninety_degrees, layout_vaults_omnibox, uniq_boris
Vaults:5
Depths:1: layout_gridlike, hellmouth_3, led_sif_pool, lemuel_another_geyser
Depths:2: minmay_connected_boxes_in_corner, layout_basic, pf_coc_iceberg,
          minmay_shoptagon, infiniplex_staircase_zigzag_4, uniq_enchantress
Depths:3: minmay_stepped, layout_gridlike, rand_demon_pan_entry_8, hell_entry,
          infiniplex_staircase_zigzag_3, kennysheep_random_hallway,
          minmay_shop_grove, uniq_frederick
Depths:4: minmay_two_paths, layout_gridville, enter_ziggurat_c, hellmouth_2,
          ebering_ghost_disaster_area, abyss_entry, uniq_margery, uniq_xtahua
Depths:5: grunt_zot_entry_bicorn, layout_gridlike, hell_entry,
          rand_demon_pan_entry_5, abyss_entry, minmay_misc_feat_alley,
          minivault_1
Hell
Zot:1:    layout_misc_corridors
Zot:2:    layout_gridlike, hangedman_zot_spectrum
Zot:3:    kennysheep_bubbly, layout_cathedral_of_symmetry, guppyfry_library_mini
Zot:4:    layout_misc_corridors, hangedman_zot_decor_checkerboard,
          st_grand_hoard_of_tiamat
Zot:5:    layout_misc_corridors

Notes
Turn   | Place    | Note
-------+----------+-------------------------------------------
     0 | D:1      | ABBCCCDDDD the Gargoyle Fighter began the quest for the
                  | Orb.
     0 | D:1      | Reached XP level 1. HP: 14/14 MP: 1/1
   461 | D:1      | Reached XP level 2. HP: 19/19 MP: 2/2
  1149 | D:1      | Reached XP level 3. HP: 24/24 MP: 3/3
  1770 | D:2      | Reached XP level 4. HP: 29/29 MP: 4/4
  2194 | D:3      | Noticed a scorpion
  2203 | D:3      | Killed a scorpion
  2204 | D:3      | Reached XP level 5. HP: 33/34 MP: 5/5
  2225 | D:3      | Found a snail-covered altar of Cheibriados.
  2225 | D:3      | Found a shimmering altar of Xom.
  2484 | D:3      | Found a basalt altar of Yredelemnul.
  2503 | D:3      | Noticed Ijyb
  2509 | D:3      | Identified a scroll of acquirement
  2509 | D:3      | Acquired a +1 cloak of willpower
  2516 | D:3      | Killed Ijyb
  2776 | D:3      | Found a white marble altar of Elyvilon.
  2802 | D:3      | Noticed Grinder
  2834 | D:3      | Killed Grinder
  2835 | D:3      | Reached skill level 5 in Fighting
  2835 | D:3      | Reached skill level 5 in Maces & Flails
  2835 | D:3      | Reached XP level 6. HP: 23/40 MP: 6/6
  3450 | D:4      | Reached XP level 7. HP: 44/44 MP: 7/7
  3456 | D:4      | Noticed Duvessa
  3459 | D:4      | Noticed Dowan
  3712 | D:4      | Noticed Edmund
  3727 | D:4      | Killed Edmund
  4141 | D:5      | Entered Level 5 of the Dungeon
  4513 | D:5      | Reached XP level 8. HP: 40/52 MP: 8/8
  5012 | D:5      | Found a staircase to the Ecumenical Temple.
  5021 | Temple   | Entered the Ecumenical Temple
  5179 | Temple   | Became a worshipper of Qazlal Stormbringer
  5729 | D:6      | Reached XP level 9. HP: 52/57 MP: 9/9
  5905 | D:6      | Found a burning altar of Makhleb.
  6286 | D:6      | Reached * piety under Qazlal
  6699 | D:7      | Reached skill level 5 in Armour
  6875 | D:7      | Reached skill level 10 in Maces & Flails
  7064 | D:7      | Reached skill level 1 in Evocations
  7453 | D:8      | Noticed a manticore
  7459 | D:8      | HP: 1/60 [manticore (3)]
  7522 | D:8      | Reached XP level 10. HP: 62/65 MP: 10/10
  7753 | D:8      | Noticed a tengu warrior
  7753 | D:8      | Noticed a tengu warrior
  7950 | D:4      | Reached ** piety under Qazlal
  7967 | D:4      | Identified the amulet "Utacs" {RegenMP rPois Will+ Int+3}
  8074 | D:4      | Found Renkov Aviug's Jewellery Shop.
  8082 | D:4      | Found Boitzame's Armour Shop.
  8090 | D:4      | Bought a +1 buckler of reflection for 135 gold pieces
  8113 | D:4      | Found a glowing silver altar of Zin.
  8129 | D:4      | Noticed Purgy
  8140 | D:4      | Killed Purgy
  8154 | D:4      | Killed Dowan
  8680 | D:4      | Killed Duvessa
  9109 | D:9      | Found Zest's General Store.
  9118 | D:9      | Bought a potion of attraction for 33 gold pieces
  9118 | D:9      | Bought a scroll of teleportation for 33 gold pieces
  9118 | D:9      | Bought a potion of curing for 33 gold pieces
  9246 | D:9      | Noticed Erica
  9262 | D:9      | Killed Erica
  9340 | D:9      | Noticed a two-headed ogre
  9347 | D:9      | Killed a two-headed ogre
  9571 | D:9      | Found a staircase to the Lair.
  9668 | D:10     | Entered Level 10 of the Dungeon
  9939 | D:10     | Reached XP level 11. HP: 57/72 MP: 11/11
 10078 | D:10     | Identified the ring "Sebuf" {rPois rF+++ Will- Str-4 SInv}
 10078 | D:10     | Noticed a centaur warrior
 10086 | D:10     | Killed a centaur warrior
 10087 | D:10     | Reached skill level 10 in Fighting
 10191 | D:10     | Noticed a two-headed ogre
 10207 | D:10     | Killed a two-headed ogre
 10266 | D:10     | Noticed a deep elf pyromancer
 10272 | D:10     | Killed a deep elf pyromancer
 10273 | D:10     | Reached skill level 5 in Shields
 10273 | D:10     | Reached skill level 5 in Evocations
 10412 | D:10     | Noticed a deep elf pyromancer
 10420 | D:10     | Killed a deep elf pyromancer
 10445 | D:10     | Noticed a manticore
 10461 | D:10     | Killed a manticore
 10766 | D:10     | Noticed Maurice
 10767 | D:10     | Noticed a cyclops
 10801 | Lair:1   | Entered Level 1 of the Lair of Beasts
 11130 | Lair:1   | Reached skill level 1 in Invocations
 11137 | Lair:1   | Reached *** piety under Qazlal
 11636 | Lair:2   | Noticed a death yak
 11636 | Lair:2   | Noticed a death yak
 11636 | Lair:2   | Noticed a death yak
 11637 | Lair:2   | Noticed a death yak
 12047 | Lair:2   | Reached XP level 12. HP: 78/79 MP: 13/13
 12175 | Lair:1   | Killed a death yak
 12363 | Lair:2   | Killed a death yak
 12384 | Lair:2   | Killed a death yak
 12748 | Lair:2   | Killed a death yak
 13230 | Lair:2   | Found a staircase to the Swamp.
 13563 | Lair:3   | Noticed a seven-headed hydra
 13563 | Lair:3   | Noticed a seven-headed hydra
 13571 | Lair:3   | Killed a seven-headed hydra
 13591 | Lair:3   | Killed a seven-headed hydra
 13973 | Lair:3   | Reached skill level 5 in Invocations
 14431 | Lair:3   | Found a hole to the Spider Nest.
 15011 | Lair:4   | Reached XP level 13. HP: 66/86 MP: 17/17
 15123 | Lair:4   | Found a frozen archway.
 15141 | Lair:4   | Reached **** piety under Qazlal
 15155 | IceCv    | Entered an ice cave
 15571 | IceCv    | Identified the +4 mace of Etirus {pain, +Rage rPois rF-
                  | rC+}
 15577 | IceCv    | Identified the ring "Jeitazes" {rElec rPois Will+}
 16627 | Lair:5   | Reached skill level 10 in Shields
 17234 | Lair:6   | Entered Level 6 of the Lair of Beasts
 17435 | Lair:6   | Reached ***** piety under Qazlal
 17491 | Lair:6   | Gained mutation: Your large and strong wings let you fly.
                  | [Gargoyle growth]
 17491 | Lair:6   | Reached XP level 14. HP: 89/94 MP: 17/20
 17570 | Lair:6   | Found a staircase to the Slime Pits.
 18047 | Lair:6   | Reached skill level 10 in Invocations
 18599 | D:10     | Found a staircase to the Orcish Mines.
 18759 | D:10     | Killed Maurice
 18891 | D:10     | Identified the +5 plate armour "Acuan" {Harm rN+ MP+9
                  | Str+2}
 19183 | Orc:1    | Entered Level 1 of the Orcish Mines
 19500 | Orc:2    | Entered Level 2 of the Orcish Mines
 19500 | Orc:2    | Noticed Donald
 19510 | Orc:2    | Killed Donald
 19564 | Orc:2    | Found a staircase to the Elven Halls.
 19842 | Orc:2    | Found Rize's Book Shoppe.
 19872 | Orc:2    | Found Fefay's Magic Scroll Emporium.
 19879 | Orc:2    | Bought a scroll of blinking for 112 gold pieces
 19879 | Orc:2    | Bought a scroll of teleportation for 45 gold pieces
 19900 | Orc:2    | Found an ancient bone altar of Kikubaaqudgha.
 19905 | Orc:2    | Noticed Nergalle
 19914 | Orc:2    | Killed Nergalle
 19988 | Orc:2    | Found Huome's Antique Weapon Emporium.
 19988 | Orc:2    | Found Quofi's Jewellery Shoppe.
 20057 | Orc:2    | Found a radiant altar of Vehumet.
 20573 | D:11     | Reached ****** piety under Qazlal
 20641 | D:11     | Reached skill level 15 in Fighting
 20641 | D:11     | Reached XP level 15. HP: 81/103 MP: 22/22
 20751 | D:11     | Paralysed by something for 2 turns
 21065 | D:11     | Found an iron altar of Okawaru.
 22220 | D:12     | Identified the +4 scythe of Intimidation {vorpal, +Rage}
 22899 | D:13     | Reached skill level 15 in Maces & Flails
 23732 | D:14     | Noticed Josephine
 23742 | D:14     | Killed Josephine
 24122 | D:14     | Found a gate to the Vaults.
 24132 | D:14     | Noticed Frances
 24138 | D:14     | Killed Frances
 24232 | D:14     | Noticed Azrael
 24241 | D:14     | Reached XP level 16. HP: 97/110 MP: 23/23
 24253 | D:14     | Killed Azrael
 24276 | D:14     | Noticed Nessos
 24281 | D:14     | Killed Nessos
 24637 | D:15     | Entered Level 15 of the Dungeon
 25142 | D:15     | Found a staircase to the Depths.
 25168 | D:15     | Reached skill level 15 in Shields
 25458 | Depths:1 | Entered Level 1 of the Depths
 25902 | Spider:1 | Entered Level 1 of the Spider Nest
 26543 | Spider:1 | You are sucked into a shaft and drop 1 floor!
 26557 | Spider:2 | Reached skill level 1 in Dodging
 26568 | Spider:2 | Reached XP level 17. HP: 97/120 MP: 1/24
 26975 | Spider:1 | Noticed an acid blob
 27281 | Spider:2 | Noticed totalnoob's ghost (journeyman OpFE)
 27281 | Spider:2 | Noticed a hellephant
 27297 | Spider:2 | Found a transporter.
 27327 | Spider:2 | Found a transporter.
 27350 | Spider:2 | Found a one-way gate to the infinite horrors of the Abyss.
 27913 | Spider:3 | Noticed Nikola
 27929 | Spider:3 | Killed Nikola
 28266 | Spider:4 | Entered Level 4 of the Spider Nest
 28733 | Spider:4 | Reached skill level 5 in Dodging
 28755 | Spider:4 | HP: 2/120 [disintegration (44)]
 28784 | Spider:4 | Reached XP level 18. HP: 45/127 MP: 6/26
 29223 | Spider:4 | Got a gossamer rune of Zot
 29397 | Spider:4 | Reached skill level 10 in Armour
 29926 | Swamp:1  | Entered Level 1 of the Swamp
 30144 | Swamp:1  | Noticed Jorgrun
 30155 | Swamp:1  | Killed Jorgrun
 30443 | Swamp:1  | Identified Roxanne's Papyrus of Changing
 30443 | Swamp:1  | Noticed Roxanne
 30457 | Swamp:1  | Killed Roxanne
 30623 | Swamp:2  | Found a transporter.
 30637 | Swamp:2  | You are sucked into a shaft and drop 1 floor!
 30665 | Swamp:2  | Noticed Kirke
 30681 | Swamp:2  | Killed Kirke
 30758 | Swamp:2  | Found a transporter.
 30811 | Swamp:2  | Noticed Piask's ghost (adept FoAK)
 31017 | Swamp:2  | Reached XP level 19. HP: 134/134 MP: 28/28
 31546 | Swamp:4  | Entered Level 4 of the Swamp
 32228 | Swamp:4  | Got a decaying rune of Zot
 32664 | Vaults:1 | Entered Level 1 of the Vaults
 32877 | Depths:1 | Found a gateway to Hell.
 33345 | Depths:1 | Found a shimmering blue altar of Sif Muna.
 33850 | Depths:2 | Reached XP level 20. HP: 73/141 MP: 30/30
 33850 | Depths:2 | Noticed the Enchantress
 34051 | Depths:2 | Found Dygosch's Weapon Shop.
 34051 | Depths:2 | Found Jisotzik's Assorted Antiques.
 34090 | Depths:2 | ABBCCCDDDD: ??undeadhunter
 34090 | Depths:2 | beem: undeadhunter[1/1]: A +7 great mace with rN+. Has its
                  | own effect identical to the old disruption brand: a 2/3
                  | chance of up to quadruple damage, with an average of 250%
                  | damage, but only against undead.
 34090 | Depths:2 | Bought the +7 great mace "Undeadhunter" {disrupt, rN+} for
                  | 843 gold pieces
 34090 | Depths:2 | Found the +7 great mace "Undeadhunter" {disrupt, rN+}
 34302 | Depths:2 | Killed the Enchantress
 34319 | Depths:2 | Reached skill level 15 in Invocations
 34630 | Depths:2 | Paralysed by a floating eye for 4 turns
 35572 | Depths:3 | Found Guacorr's Jewellery Shop.
 35572 | Depths:3 | Found Yhohuni's Book Shoppe.
 35573 | Depths:3 | Found Oshraw's Book Shoppe.
 35727 | Depths:3 | Noticed a golden dragon
 35978 | Depths:3 | Killed a golden dragon
 36116 | Depths:3 | Found a one-way gate leading to the halls of Pandemonium.
 36309 | Depths:3 | Reached skill level 10 in Evocations
 36317 | Depths:3 | Reached XP level 21. HP: 48/148 MP: 33/33
 36724 | Depths:3 | Identified the +11 quarterstaff of Ruination {vorpal, rPois
                  | rF+}
 36741 | Depths:3 | Got the Catalogue of the Venomous Escort
 36928 | Depths:4 | Noticed Margery
 36944 | Depths:3 | HP: 3/150 [Margery/fireball (32)]
 37312 | Depths:4 | Noticed a golden dragon
 37323 | Depths:4 | Killed a golden dragon
 37571 | Depths:4 | Found a large runed translucent door.
 37571 | Depths:4 | Found a large runed translucent door.
 37656 | Depths:4 | Noticed a golden dragon
 37670 | Depths:4 | Killed a golden dragon
 37789 | Depths:4 | Noticed a juggernaut
 37802 | Depths:4 | Killed a juggernaut
 38043 | Depths:4 | Noticed Caat Rau's ghost (adept DgCj)
 38081 | Depths:4 | Killed Caat Rau's ghost
 38090 | Depths:4 | Identified the amulet "Fevasefa" {Reflect rF- Str+4 SH+5}
 38125 | Depths:4 | Found a gateway to a ziggurat.
 38128 | Depths:4 | Paralysed by a floating eye for 3 turns
 38136 | Depths:4 | Paralysed by a floating eye for 2 turns
 38140 | Depths:4 | Paralysed by a floating eye for 2 turns
 38250 | Depths:4 | Noticed Xtahua
 38259 | Depths:4 | Paralysed by Xtahua for 7 turns
 38272 | Depths:4 | Killed Xtahua
 38331 | Depths:4 | Reached XP level 22. HP: 124/158 MP: 34/34
 38762 | Depths:5 | Entered Level 5 of the Depths
 38961 | Vaults:1 | Noticed Rupert
 38964 | Vaults:1 | Noticed Frederick
 38984 | Vaults:1 | Killed Rupert
 38994 | Vaults:1 | Killed Frederick
 40126 | Vaults:2 | You are sucked into a shaft and drop 1 floor!
 40195 | Vaults:3 | Found Pangy's Armour Shop.
 40198 | Vaults:3 | Bought the +3 kite shield of Shadows and Fog {+Blink rF+
                  | rC+ Dex+2} for 1085 gold pieces
 40520 | Vaults:3 | Reached XP level 23. HP: 147/165 MP: 36/36
 40566 | Vaults:3 | Found a magical portal.
 40575 | WizLab   | Entered Zonguldrok's Shrine
 40905 | WizLab   | Noticed an antique lich
 40921 | WizLab   | Killed an antique lich
 40926 | WizLab   | Found the +9 sword of Zonguldrok {reap}
 41562 | Vaults:3 | Found a staircase to the Crypt.
 41944 | Vaults:4 | Reached skill level 15 in Armour
 42790 | Vaults:4 | Noticed Boris
 42813 | Vaults:4 | Killed Boris
 42983 | Vaults:5 | Entered Level 5 of the Vaults
 42997 | Vaults:5 | Noticed a golden dragon
 42999 | Vaults:5 | Killed a golden dragon
 43028 | Vaults:5 | Reached XP level 24. HP: 145/173 MP: 26/37
 43279 | Vaults:5 | Cast into level 3 of the Abyss (a deep elf sorcerer)
 43619 | Vaults:5 | Escaped the Abyss
 43804 | Vaults:5 | Noticed an ancient lich
 43879 | Vaults:4 | Killed an ancient lich
 44332 | Vaults:5 | Reached XP level 25. HP: 146/181 MP: 37/37
 44493 | Vaults:5 | Identified the +5 falchion "Ogreslayer" {chaos, rC+}
 44643 | Vaults:5 | Got a silver rune of Zot
 44880 | Vaults:5 | Identified the +4 glaive of Arbitration {spect, Stlth+}
 44935 | Vaults:5 | Identified the amulet of Isunomil {RegenMP rC+}
 45205 | Vaults:5 | Identified the +6 spear of Drought {antimagic, Str+6 Int+2}
 45711 | Depths:3 | Killed Margery
 46167 | Depths:5 | Found a gate to the Realm of Zot.
 46365 | Depths:5 | Noticed a juggernaut
 46398 | Depths:5 | Killed a juggernaut
 46896 | Zot:1    | Entered Level 1 of the Realm of Zot
 47044 | Zot:1    | Reached XP level 26. HP: 118/188 MP: 33/38
 47164 | Zot:1    | Reached skill level 10 in Dodging
 47647 | Zot:1    | Identified the ring "Weruot" {Wiz rCorr Int+2}
 49089 | Zot:2    | Identified the -3 pair of gloves of Courage {Rampage Str-5
                  | Int+2 Dex+3}
 49639 | Zot:3    | Reached XP level 27. HP: 153/193 MP: 39/39
 51586 | Zot:4    | Gained mutation: Your body sometimes deteriorates upon
                  | taking damage. [mutagenic glow]
 51597 | Zot:4    | Gained mutation: You sometimes lose the ability to read
                  | scrolls when taking damage. [mutagenic glow]
 51611 | Zot:4    | Gained mutation: You are weak. (Str -2) [mutagenic glow]
 51621 | Zot:4    | Identified the +8 long sword of Bepad {protect, +Blink
                  | rElec Dex-4 Stlth+}
 51621 | Zot:4    | Found the +4 dragonskin cloak
 51621 | Zot:4    | Noticed Tiamat
 51637 | Zot:4    | Gained mutation: You are frail. (-10% HP) [mutagenic glow]
 51674 | Zot:4    | Killed Tiamat
 51884 | Zot:4    | Identified the ring of Lysmad {rC+ AC+4 Str+2 Dex+4}
 51923 | Zot:4    | Got The Testament of the Greatest Mummy
 52060 | Zot:4    | Got the Incunabulum of Sinister Rituals and Ice
 52148 | Zot:4    | Identified the +7 hunting sling "Laboth" {flame, rCorr
                  | Int+3 Dex+4}
 52272 | Zot:5    | Entered Level 5 of the Realm of Zot
 52629 | Zot:5    | Noticed a dread lich
 52702 | Zot:4    | Lost mutation: You sometimes lose the ability to read
                  | scrolls when taking damage. [potion of mutation]
 52702 | Zot:4    | Lost mutation: Your body sometimes deteriorates upon taking
                  | damage. [potion of mutation]
 52702 | Zot:4    | Lost mutation: You are frail. (-10% HP) [potion of
                  | mutation]
 52702 | Zot:4    | Gained mutation: You sometimes lose the ability to read
                  | scrolls when taking damage. [potion of mutation]
 52702 | Zot:4    | Gained mutation: You are agile. (Dex +2) [potion of
                  | mutation]
 52702 | Zot:4    | Gained mutation: You possess an exceptional clarity of
                  | mind. [potion of mutation]
 52702 | Zot:4    | Gained mutation: You expend magic power (3 MP) to
                  | strengthen your wands. [potion of mutation]
 52703 | Zot:4    | Lost mutation: You possess an exceptional clarity of mind.
                  | [potion of mutation]
 52703 | Zot:4    | Lost mutation: You are agile. (Dex +2) [potion of mutation]
 52703 | Zot:4    | Gained mutation: You are clumsy. (Dex -2) [potion of
                  | mutation]
 52703 | Zot:4    | Gained mutation: Your skin changes colour to match your
                  | surroundings (Stealth+). [potion of mutation]
 52704 | Zot:4    | Lost mutation: You expend magic power (3 MP) to strengthen
                  | your wands. [potion of mutation]
 52704 | Zot:4    | Lost mutation: You are clumsy. (Dex -2) [potion of
                  | mutation]
 52704 | Zot:4    | Lost mutation: You sometimes lose the ability to read
                  | scrolls when taking damage. [potion of mutation]
 52704 | Zot:4    | Gained mutation: Your magical capacity is low. (-10% MP)
                  | [potion of mutation]
 52704 | Zot:4    | Gained mutation: You have sharp fingernails. [potion of
                  | mutation]
 52704 | Zot:4    | Gained mutation: You passively map a small area around you.
                  | [potion of mutation]
 52728 | Zot:5    | Killed a dread lich
 52768 | Zot:5    | Noticed an orb of fire
 52769 | Zot:5    | Gained mutation: You are very weak. (Str -4) [an orb of
                  | fire]
 52793 | Zot:5    | Gained mutation: You are clumsy. (Dex -2) [an orb of fire]
 52795 | Zot:5    | Lost mutation: Your magical capacity is low. (-10% MP) [an
                  | orb of fire]
 52796 | Zot:5    | Killed an orb of fire
 52845 | Zot:5    | Noticed an orb of fire
 52848 | Zot:5    | Noticed an orb of fire
 52865 | Zot:5    | Lost mutation: Your skin changes colour to match your
                  | surroundings (Stealth+). [an orb of fire]
 52874 | Zot:5    | Gained mutation: Your body sometimes deteriorates upon
                  | taking damage. [an orb of fire]
 52875 | Zot:5    | Killed an orb of fire
 52879 | Zot:5    | Reached skill level 15 in Dodging
 52884 | Zot:5    | Killed an orb of fire
 52887 | Zot:5    | Noticed an orb of fire
 52902 | Zot:5    | Killed an orb of fire
 52948 | Zot:5    | Noticed an orb of fire
 52952 | Zot:5    | Gained mutation: You are dopey. (Int -2) [an orb of fire]
 52955 | Zot:5    | Gained mutation: Your flesh is cold resistant. (rC+) [an
                  | orb of fire]
 52974 | Zot:5    | Killed an orb of fire
 53110 | Zot:5    | Noticed an ancient lich
 53140 | Zot:5    | Killed an ancient lich
 53917 | Hell     | Entered the Vestibule of Hell
 53917 | Hell     | Noticed Geryon
 54186 | Zot:5    | Got the Orb of Zot
 54599 | D:11     | Noticed Roraruv the pandemonium lord
 54720 | D:10     | Killed Roraruv the pandemonium lord
 54992 | D:$      | Escaped with the Orb!

Table legend: (Time is in decaauts)
 A = Elapsed time spent in this place.
 B = Non-inter-level travel time spent in this place.
 C = Inter-level travel time spent in this place.
 D = Time resting spent in this place.
 E = Time spent auto-exploring this place.
 F = Levels seen in this place.
 G = Mean time per level.
                   A        B        C        D        E       F      G
               +--------+--------+--------+--------+--------+-----+--------+
         Total |  52976 |  49253 |   3723 |   8904 |  28239 |  51 | 1038.7 |
       Dungeon |  17566 |  16224 |   1342 |   3891 |   9021 |  15 | 1171.1 |
        Temple |    168 |    141 |     27 |      0 |    139 |   1 |  168.0 |
          Lair |   7614 |   7080 |    534 |   1574 |   4218 |   6 | 1269.0 |
         Swamp |   2425 |   2256 |    169 |     78 |   1638 |   4 |  606.2 |
   Spider Nest |   3379 |   3170 |    209 |    346 |   1859 |   4 |  844.8 |
  Orcish Mines |   1233 |   1120 |    113 |      0 |    793 |   2 |  616.5 |
        Vaults |   5517 |   5165 |    352 |    754 |   3051 |   5 | 1103.4 |
        Depths |   7044 |   6539 |    505 |    954 |   3941 |   5 | 1408.8 |
          Hell |     20 |     20 |      0 |      0 |      0 |   1 |   20.0 |
           Zot |   6919 |   6449 |    470 |   1083 |   3473 |   5 | 1383.8 |
         Abyss |    283 |    283 |      0 |      0 |      0 |   1 |  283.0 |
      Ice Cave |    425 |    425 |      0 |    223 |     14 |   1 |  425.0 |
        Wizlab |    378 |    378 |      0 |      0 |     89 |   1 |  378.0 |
               +--------+--------+--------+--------+--------+-----+--------+

Top non-repeatable levels by time:
  Lair:3: 1938 daAuts
    D:10: 1808 daAuts
Vaults:4: 1760 daAuts
  Lair:1: 1723 daAuts
Depths:2: 1678 daAuts
Depths:3: 1613 daAuts
   Zot:2: 1592 daAuts
   Zot:5: 1566 daAuts
Depths:4: 1541 daAuts
   Zot:3: 1530 daAuts
     D:4: 1500 daAuts
     D:3: 1480 daAuts
     D:1: 1429 daAuts
     D:5: 1419 daAuts
    D:15: 1336 daAuts

Table legend:
 A = Kills in this place as a percentage of kills in entire the game.
 B = Kills by you in this place as a percentage of kills by you in the entire game.
 C = Kills by friends in this place as a percentage of kills by friends in the entire game.
 D = Other kills in this place as a percentage of other kills in the entire game.
 E = Experience gained in this place as a percentage of experience gained in the entire game.
 F = Experience gained in this place divided by the number of levels of this place that you have seen.
                   A       B       C       D       E      F
               +-------+-------+-------+-------+-------+----------------------
         Total | 100.0 | 100.0 | 100.0 | 100.0 | 100.0 | 32401.7
       Dungeon |  20.5 |  20.6 |   5.6 |  23.1 |   7.8 | 8614.1
          Lair |   8.5 |   8.2 |  38.9 |   7.7 |   3.2 | 8886.0
         Swamp |   6.0 |   5.9 |   0.0 |  30.8 |   5.3 | 21863.2
   Spider Nest |  12.3 |  12.2 |  22.2 |  15.4 |   6.5 | 26685.5
  Orcish Mines |   3.8 |   3.9 |   0.0 |   0.0 |   0.8 | 6293.0
        Vaults |  17.0 |  17.2 |   0.0 |   0.0 |  21.0 | 69244.2
        Depths |  12.5 |  12.5 |  11.1 |  23.1 |  19.0 | 62661.6
          Hell |   1.4 |   1.3 |   5.6 |   0.0 |   1.2 | 20591.0
           Zot |  12.9 |  13.0 |  16.7 |   0.0 |  31.9 | 105544.8
         Abyss |   2.7 |   2.7 |   0.0 |   0.0 |   1.9 | 32142.0
      Ice Cave |   0.6 |   0.6 |   0.0 |   0.0 |   0.2 | 3087.0
        Wizlab |   1.7 |   1.7 |   0.0 |   0.0 |   1.2 | 20106.0
               +-------+-------+-------+-------+-------+----------------------

Action                   |  1- 3 |  4- 6 |  7- 9 | 10-12 | 13-15 | 16-18 | 19-21 | 22-24 | 25-27 || total
-------------------------+-------+-------+-------+-------+-------+-------+-------+-------+-------++-------
Melee: Flail             |    98 |   137 |   312 |   709 |   758 |       |       |       |       ||  2014
       Eveningstar       |       |       |       |       |   526 |  1106 |  1130 |  1493 |  1978 ||  6233
Throw: Dart              |       |       |       |     3 |     4 |       |       |       |       ||     7
Invok: Elemental Force   |       |       |       |       |     1 |     2 |     3 |       |     2 ||     8
       Disaster Area     |       |       |       |       |       |     5 |       |     9 |    13 ||    27
       Upheaval          |       |       |       |       |       |       |     2 |       |       ||     2
 Abil: Evoke Blink       |       |       |       |       |       |       |       |       |     4 ||     4
Evoke: Wand              |       |     2 |     3 |    17 |    15 |     1 |    11 |     7 |     7 ||    63
       Box of beasts     |       |       |       |     2 |     1 |       |       |       |     2 ||     5
       Condenser vane    |       |       |       |       |       |     1 |     2 |       |     4 ||     7
       Phantom mirror    |       |       |       |       |       |       |       |       |     3 ||     3
       Phial of floods   |       |       |       |       |       |       |       |       |     1 ||     1
  Use: Scroll            |       |     3 |    11 |     6 |    11 |    11 |     8 |     3 |     9 ||    62
       Potion            |       |     2 |     2 |       |       |     4 |     3 |     4 |    10 ||    25
 Stab: Paralysed         |       |       |       |       |     1 |     3 |     2 |       |       ||     6
       Distracted        |       |       |       |       |       |     1 |       |       |     2 ||     3
       Held in net/web   |       |       |       |       |       |     2 |       |       |       ||     2
Armor: Scale mail        |    62 |    86 |    37 |    56 |   269 |       |       |       |       ||   510
       Chain mail        |       |       |   163 |   292 |       |       |       |       |       ||   455
       Plate armour      |       |       |       |       |   275 |   821 |   426 |       |       ||  1522
       Gold dragon scale |       |       |       |       |       |       |    87 |   686 |   986 ||  1759
Dodge: Dodged            |    43 |    65 |   118 |   211 |   230 |   262 |   212 |   269 |   454 ||  1864
       Repelled          |       |       |       |       |     7 |     6 |     7 |     8 |    30 ||    58
Block: Kite shield       |     5 |       |       |    13 |  1025 |  1394 |   960 |  1511 |  1786 ||  6694
       Buckler           |     9 |    34 |    65 |   279 |    29 |       |       |       |       ||   416
       Reflection        |       |       |       |     3 |     2 |    36 |     8 |    12 |       ||    61

Vanquished Creatures
  A pandemonium lord (D:10)
  A dread lich (Zot:5)
  Tiamat (Zot:4)
  5 orbs of fire (Zot:5)
  3 ancient liches
  2 juggernauts
  Boris (Vaults:4)
  Margery (Depths:3)
  5 Killer Klowns (Zot:5)
  Frederick (Vaults:1)
  Xtahua (Depths:4)
  2 curse toes
  20 golden dragons
  the Enchantress (Depths:2)
  The ghost of Caat Rau the Warrior, an adept DgCj (Depths:4)
  Nikola (Spider:3)
  2 bone dragons
  2 Tzitzimimeh
  3 electric golems
  Jorgrun (Swamp:1)
  4 liches
  26 Orb Guardians
  13 tentacled monstrosities
  4 quicksilver dragons
  Rupert (Vaults:1)
  6 titans
  5 death cobs
  3 sphinxes
  Frances (D:14)
  An Executioner (D:2)
  2 ancient champions (WizLab)
  Kirke (Swamp:2)
  10 shadow dragons
  Roxanne (Swamp:1)
  6 tengu reavers
  4 tentacled starspawn (Abyss:3)
  18 storm dragons
  A fenstrider witch (Swamp:1)
  6 draconian monks
  12 fire giants
  Donald (Orc:2)
  11 frost giants
  10 draconian knights
  7 ghost moths
  2 orc warlords
  An iron dragon (Zot:4)
  17 vault wardens
  A deep elf sorcerer (Vaults:4)
  A ghost moth (shapeshifter) (Depths:4)
  2 balrugs
  8 draconian stormcallers
  9 draconian annihilators
  A cacodemon (Hell)
  5 draconian shifters
  7 draconian scorchers
  18 ironbound preservers
  4 spriggan defenders
  5 reapers
  12 emperor scorpions
  16 stone giants
  37 very ugly things
  4 war gargoyles
  A lorocyproca (Zot:5)
  4 vampire knights
  10 green draconians
  Nessos (D:14)
  A deep elf demonologist (Depths:2)
  2 deep elf annihilators
  Azrael (D:14)
  11 red draconians
  11 spark wasps
  5 bunyips
  6 purple draconians
  15 white draconians
  12 yellow draconians
  A dire elephant (Vaults:1)
  11 entropy weavers
  16 black draconians
  3 eleionomae
  A deep elf death mage (Depths:4)
  Josephine (D:14)
  13 ettins
  3 green deaths
  10 fire dragons
  2 shambling mangroves
  3 ironbound thunderhulks (Vaults:4)
  12 yaktaur captains
  5 rakshasas
  2 deep elf high priests (Vaults:5)
  9 great orbs of eyes
  32 vault guards
  21 hydras
  2 boulder beetles
  4 ogre magi
  A peacekeeper (Vaults:2)
  3 hell beasts
  16 ice dragons
  A quicksilver dragon skeleton (D:15)
  2 spriggan air magi (Depths:2)
  Erica (D:9)
  14 centaur warriors
  A ghost crab (Swamp:3)
  A catoblepas (shapeshifter) (Depths:3)
  7 ironbound frosthearts
  9 two-headed ogres
  2 dancing weapons (Abyss:3)
  18 alligators
  A death knight (Vaults:3)
  4 death yaks
  13 deep troll shamans
  3 ironbound beastmasters (Vaults:1)
  5 deep troll earth magi
  A vampire mage (D:15)
  3 thrashing horrors
  4 hell hogs
  10 tengu warriors
  5 soul eaters
  2 spriggan berserkers
  13 sun demons
  Nergalle (Orc:2)
  A wretched star (Abyss:3)
  18 hell knights
  5 spriggans
  A fire crab (shapeshifter) (D:14)
  7 iron trolls
  A goliath frog (Swamp:1)
  A flayed ghost (Depths:2)
  16 skeletal warriors
  A sixfirhy (Depths:5)
  10 large abominations
  A spriggan druid (Swamp:3)
  5 glowing orange brains
  8 wizards
  4 bog bodies
  A deep elf archer (Vaults:5)
  65 deep trolls
  10 swamp dragons
  7 orc knights
  15 ironbound convokers
  5 lindwurms (Vaults:1)
  6 deep elf pyromancers
  26 wolf spiders
  5 necromancers
  2 phantasmal warriors
  2 will-o-the-wisps (Swamp:3)
  21 orb spiders
  A harpy (Vaults:5)
  2 manticores
  A salamander (Depths:1)
  2 oklob plants (D:13)
  10 orc sorcerers
  9 cyclopes
  Maurice (D:10)
  36 moths of wrath
  A stone giant skeleton (Depths:2)
  50 ugly things
  9 elephants
  A fire giant skeleton (D:15)
  6 black mambas
  A guardian serpent (shapeshifter) (Depths:2)
  2 rust devils (Depths:5)
  3 ice statues (IceCv)
  A worldbinder (Abyss:3)
  5 orange demons
  A torpor snail (shapeshifter) (Depths:3)
  A water nymph (shapeshifter) (Vaults:5)
  10 cane toads
  13 vault sentinels
  11 smoke demons
  2 gargoyles
  3 hellions (Depths:4)
  3 torpor snails
  8 komodo dragons
  An anaconda simulacrum (IceCv)
  2 kobold demonologists
  9 rime drakes
  A tormentor (D:14)
  4 freezing wraiths
  35 yaktaurs
  2 efreet
  3 ice devils
  14 demonic crawlers
  4 tengu conjurers
  2 ancient zymes (Abyss:3)
  A spriggan skeleton (Depths:2)
  An elf skeleton (Depths:2)
  31 jumping spiders
  A queen bee (Spider:2)
  A troll (shapeshifter) (D:15)
  7 trolls
  6 meliai
  Grinder (D:3)
  7 hornets
  A harpy skeleton (Abyss:3)
  A tengu simulacrum (Depths:2)
  17 blink frogs
  2 tyrant leeches
  A jumping spider (shapeshifter) (D:15)
  A fire dragon zombie (D:15)
  A blink frog (shapeshifter) (D:15)
  A sphinx simulacrum (Depths:2)
  46 slime creatures
  2 dream sheep (Lair:6)
  A raiju (shapeshifter) (Depths:4)
  A meliai zombie (D:11)
  98 redbacks
  3 ynoxinuls (Abyss:3)
  3 shadows
  3 starcursed masses (Abyss:3)
  10 wraiths
  4 wyverns
  28 yaks
  5 vampires
  3 humans
  23 tarantellas
  A water elemental (Depths:3)
  A dire elephant simulacrum (IceCv)
  A fire elemental (D:14)
  14 basilisks
  6 hogs (Swamp:2)
  2 golden eyes (Abyss:3)
  3 steam dragons
  A death yak simulacrum (IceCv)
  9 vampire mosquitoes
  Edmund (D:4)
  9 swamp worms
  5 wargs
  Duvessa (D:4)
  11 hell hounds
  13 acid dragons
  20 water moccasins
  3 two-headed ogre zombies (WizLab)
  2 floating eyes
  3 black bears
  3 swamp drakes
  An ice beast (D:6)
  A hornet zombie (D:8)
  A necrophage (D:6)
  Purgy (D:4)
  20 orc warriors
  7 ogres
  2 sky beasts (D:8)
  A black bear (shapeshifter) (Vaults:5)
  An ettin simulacrum (Abyss:3)
  A boggart (D:14)
  14 centaurs
  2 phantoms
  3 kobold brigands
  A gnoll sergeant (D:9)
  8 small abominations (Abyss:3)
  16 bullfrogs
  3 scorpions
  Dowan (D:4)
  A tengu zombie (D:15)
  18 killer bees
  An elephant simulacrum (IceCv)
  10 wights
  8 troll zombies (WizLab)
  5 howler monkeys
  6 electric eels
  6 centaur zombies
  A crimson imp (Abyss:3)
  A bullfrog zombie (D:5)
  A centaur skeleton (D:5)
  6 jellies
  10 orc priests
  A quasit (Abyss:3)
  3 hounds
  6 iguanas
  27 orc wizards
  A scorpion zombie (D:5)
  Ijyb (D:3)
  A killer bee zombie (D:7)
  2 polar bear simulacra (IceCv)
  2 wolf simulacra (IceCv)
  4 ogre zombies (WizLab)
  2 hound skeletons
  A howler monkey zombie (D:9)
  A howler monkey skeleton (D:4)
  8 adders
  A white imp (Abyss:3)
  An ufetubus (D:4)
  An adder skeleton (D:4)
  4 dart slugs
  53 orcs
  4 ball pythons
  5 bats
  11 endoplasms
  A giant cockroach (D:3)
  10 hobgoblins
  10 jackals
  10 goblins
  24 kobolds
  8 rats
  5 starspawn tentacles (Abyss:3)
2031 creatures vanquished.

Vanquished Creatures (collateral kills)
  A Killer Klown (Zot:5)
  A death cob (Zot:4)
  A spriggan air mage (Depths:2)
  A hell knight (Hell)
  A swamp dragon (Lair:6)
  An ugly thing (Depths:2)
  A moth of wrath (Zot:4)
  A red devil (D:10)
  5 dream sheep (Lair:6)
  A slime creature (Lair:6)
  4 redbacks (Spider:2)
18 creatures vanquished.

Vanquished Creatures (others)
  A fenstrider witch (Swamp:3)
  A fire giant (Depths:3)
  A vampire knight (Depths:3)
  A soul eater (Depths:4)
  A will-o-the-wisp (Swamp:3)
  A komodo dragon (Lair:6)
  A bloated husk (Swamp:2)
  A hornet (Spider:3)
  A redback (Spider:2)
  A vampire (D:11)
  A tarantella (Spider:3)
  A swamp worm (Swamp:1)
  A kobold brigand (D:9)
  3 wights (Abyss:3)
  An orc priest (Orc:1)
  2 orc wizards
  An orc (D:9)
  A bush (Lair:6)
  22 foxfires (Swamp:3)
  30 fungi
  91 plants
  7 starspawn tentacles (Abyss:3)
  4 withered plants (D:15)
175 creatures vanquished.

Grand Total: 2224 creatures vanquished
